AoeStats
← gangsta rap made me do it

Arabia

510108058Analyzed
2v2 RM · 2d ago on Sep 29, 2026· 60m 24s· 4 players
Game mode
Random Map
Map size
Medium (4 player)
Population
200
Speed
Normal
Resources
Standard
Victory
Conquest
Starting age
Dark Age
Ending age
Imperial Age
RankedLock teamsTeams togetherTeam positionsShared explorationLock speedFull tech treeHidden civsTurbo modeCheats
Victory
Defeat
🇦🇷 Britons · Argentina
770
+14
🇦🇷 Persians · Argentina
694
+16
🇺🇦 Britons · Ukraine
719
-15
🇺🇦 Goths · Ukraine
719
-15
gangsta rap made me do it
12:54 Feudal Age
12:58 Man-at-Arms
22:30 Castle Age
24:28 Long Swordsman
25:17 Scale Mail Armor
25:27 Forging
26:10 Stone Mining
26:11 Gold Mining
26:24 Horse Collar
28:04 Heavy Plow
29:26 Chain Mail Armor
29:51 Pikeman
30:35 Squires
30:54 Elite Skirmisher
41:40 Double-Bit Axe
43:50 Bow Saw
44:17 Stone Shaft Mining
44:17 Anarchy
58:43 Imperial Age
59:05 Halberdier
шавка
11:08 Feudal Age
11:47 Double-Bit Axe
12:47 Man-at-Arms
15:08 Scale Mail Armor
22:16 Castle Age
23:31 Crossbowman
24:31 Fletching
28:25 Coinage
28:55 Wheelbarrow
30:06 Bow Saw
36:50 Bodkin Arrow
36:55 Padded Archer Armor
36:56 Pikeman
42:26 Gold Mining
47:43 Gold Shaft Mining
52:05 Imperial Age
58:17 Bracer
nachoandy10000
4:53 Loom
11:32 Feudal Age
12:13 Horse Collar
12:20 Double-Bit Axe
16:20 Town Watch
17:41 Fletching
20:36 Forging
21:08 Man-at-Arms
21:34 Arson
22:47 Bloodlines
24:35 Wheelbarrow
25:23 Scale Barding Armor
26:58 Scale Mail Armor
30:25 Castle Age
31:58 Hand Cart
32:21 Iron Casting
32:06 Chain Barding Armor
31:30 Light Cavalry
36:52 Bodkin Arrow
46:00 Husbandry
48:54 Kamandaran
49:50 Gold Mining
50:26 Bow Saw
52:05 Chain Mail Armor
51:53 Town Patrol
52:59 Stone Mining
56:10 Ballistics
55:41 Guard Tower
alejandronicolass97
10:39 Feudal Age
12:04 Double-Bit Axe
26:46 Castle Age
25:13 Horse Collar
27:20 Stone Mining
27:21 Gold Mining
28:33 Caravan
29:23 Wheelbarrow
28:58 Fletching
29:08 Padded Archer Armor
30:48 Bow Saw
31:55 Fortified Wall
32:37 Padded Archer Armor
33:13 Murder Holes
34:01 Leather Archer Armor
35:20 Ballistics
35:34 Treadmill Crane
36:32 Bodkin Arrow
37:53 Heated Shot
39:18 Coinage
43:10 Imperial Age
44:15 Conscription
44:59 Chemistry
46:27 Capped Ram
47:27 Masonry
47:56 Cavalier
49:28 Bracer
49:59 Ring Archer Armor
50:31 Architecture
51:25 Scale Barding Armor
52:48 Chain Barding Armor
52:46 Husbandry
55:03 Yeomen
56:43 Ring Archer Armor
58:20 Guilds
58:41 Banking
60:45 Warwolf
Connection lost

Rejoining the realm…

Still unreachable

The connection could not be restored.

Session expired

The server has moved on; the page needs a fresh start.